 Dungeon Crawl Stone Soup version 0.26.0-10-g1f06aea511 (webtiles) character file.

Game seed: 4005960933025052943

3225 pkoi the Fighter (level 9, -3/81 HPs)
             Began as a Minotaur Fighter on Jan 14, 2021.
             Was a Priest of Nemelex Xobeh.
             Slain by a five-headed hydra (12 damage)
             ... on level 8 of the Dungeon.
             The game lasted 00:10:32 (8994 turns).

pkoi the Fighter (Minotaur Fighter)                 Turns: 8994, Time: 00:10:34

Health: -3/81      AC: 16    Str: 23    XL:     9   Next: 66%
Magic:  11/11      EV: 10    Int:  5    God:    Nemelex Xobeh [***...]
Gold:   640        SH: 10    Dex: 17    Spells: 8/8 levels left

rFire    . . .     SeeInvis .   x - +4 whip
rCold    . . .     Faith    .   c - +0 kite shield
rNeg     . . .     Spirit   .   n - +0 chain mail
rPois    .         Reflect  .   (helmet restricted)
rElec    .         Harm     .   s - +1 cloak
rCorr    +         Rampage  .   F - +0 pair of gloves
Will     .....                  i - +1 pair of boots
Stlth    ..........             C - amulet of magic regeneration
HPRegen  0.23/turn              E - ring of resist corrosion
MPRegen  0.37/turn              p - +6 ring of dexterity

@: no status effects
A: retaliatory headbutt, horns 2
a: Renounce Religion, Draw Escape, Draw Destruction, Draw Summoning, Triple Draw


You were on level 8 of the Dungeon.
You worshipped Nemelex Xobeh.
Nemelex Xobeh was most pleased with you.
You visited 1 branch of the dungeon, and saw 8 of its levels.

You collected 640 gold pieces.

Inventory:

Hand Weapons
 a - a +1 flail
 v - a +2 whip of venom
 x - a +4 whip (weapon)
Missiles
 j - 52 poisoned darts (quivered)
 o - 7 boomerangs
Armour
 c - a +0 kite shield (worn)
 i - a +1 pair of boots (worn)
 n - a +0 chain mail (worn)
 s - a +1 cloak (worn)
 F - a +0 pair of gloves (worn)
Jewellery
 p - a +6 ring of dexterity (right hand)
 u - an uncursed ring of ice
 w - an uncursed ring of magical power
 C - an amulet of magic regeneration (around neck)
 E - a ring of resist corrosion (left hand)
Wands
 b - a wand of random effects (25)
 A - a wand of enslavement (9)
 B - a wand of iceblast (11)
Scrolls
 f - 2 scrolls of magic mapping
 h - 11 scrolls of identify
 q - a scroll of blinking {unknown}
 r - 4 scrolls of fog
 t - a scroll of enchant weapon
 y - 2 scrolls of remove curse
Potions
 d - 3 potions of might
 e - a potion of invisibility
 g - 2 potions of ambrosia
 k - a potion of heal wounds
 l - 2 potions of resistance
 m - 4 potions of mutation
 z - a potion of curing
 D - 3 potions of lignification


   Skills:
 + Level 8.0 Fighting
 + Level 7.8 Maces & Flails
 - Level 3.1 Throwing
 + Level 7.9 Armour
 + Level 6.3 Dodging
 - Level 3.6 Shields
 + Level 5.3 Invocations


You had 8 spell levels left.
You didn't know any spells.
Your spell library contained the following spells:

 Spells                   Type           Power        Failure   Level
 Beastly Appendage        Tmut           0%           100%        1
 Freeze                   Ice            0%           100%        1
 Summon Small Mammal      Summ           0%           100%        1
 Call Imp                 Summ           0%           100%        2
 Wereblood                Tmut           0%           100%        2
 Call Canine Familiar     Summ           0%           100%        3
 Frozen Ramparts          Ice            0%           100%        3
 Ozocubu's Armour         Ice            0%           100%        3
 Spider Form              Tmut/Pois      0%           100%        3
 Summon Guardian Golem    Hex/Summ       0%           100%        3
 Hailstorm                Conj/Ice       0%           100%        4
 Ice Form                 Ice/Tmut       0%           100%        4
 Summon Ice Beast         Ice/Summ       0%           100%        4
 Summon Lightning Spire   Summ/Air       0%           100%        4
 Blade Hands              Tmut           0%           100%        5


Dungeon Overview and Level Annotations

Branches:
Dungeon (8/15)             Temple (0/1) D:4
   Lair: D:8-11

Altars:
Nemelex Xobeh
Sif Muna
Lugonu

Shops:
D:6 [*   D:8 [

Portals:
Abyss: D:8


Innate Abilities, Weirdness & Mutations

You reflexively headbutt those who attack you in melee.
You have a pair of horns on your head.


Message History

* * * LOW HITPOINT WARNING * * *
Unknown command.
You hit the five-headed hydra. You headbutt the five-headed hydra!
The five-headed hydra is severely wounded.
Your chain mail prevents you from hitting the five-headed hydra.
You headbutt the five-headed hydra!
The five-headed hydra is almost dead.
The five-headed hydra completely misses you.
You furiously retaliate!
You headbutt the five-headed hydra.
You block the five-headed hydra's attack.
The five-headed hydra bites you.
* * * LOW HITPOINT WARNING * * *
The five-headed hydra bites you.
* * * LOW HITPOINT WARNING * * *
You block the five-headed hydra's attack.
You hit the five-headed hydra. You headbutt the five-headed hydra.
The five-headed hydra is almost dead.
The five-headed hydra bites you!
You die...
Your body glows with a rainbow of weird colours and disappears.

######.......#
##.....#............#
##.....<...........†..
#.....................
#.....................
#.....................
#.....................
#...D.................
#...@...".....##..##.
##.....#......###.##.
######.#...#.........
#...........##.......
#.............###>....
......................
..........(....####...
...............# #...
............(..# #...


You could see a five-headed hydra.

Vanquished Creatures
  Sigmund (D:2)
  Menkaure (D:6)
  2 orc warriors
  An ice beast (D:7)
  3 sky beasts
  2 ogres (D:4)
  A centaur (D:8)
  Blork the orc (D:5)
  3 bullfrogs (D:7)
  3 scorpions
  9 killer bees (D:7)
  3 electric eels (D:7)
  2 howler monkeys
  A jelly (D:5)
  5 hounds
  5 orc priests
  Crazy Yiuf (D:5)
  A bullfrog skeleton (D:8)
  A centaur skeleton (D:7)
  3 orc wizards (D:7)
  A gnoll shaman (D:5)
  2 iguanas
  Natasha (thrice) (D:2)
  6 worker ants
  A hound zombie (D:8)
  A hound skeleton (D:8)
  A mummy (D:6)
  7 gnolls
  13 adders
  A white imp (D:8)
  2 ufetubi
  2 oozes
  2 adder skeletons
  An adder zombie (D:5)
  3 worms
  A dart slug (D:4)
  4 leopard geckos
  14 orcs
  A ball python (D:1)
  5 giant cockroaches
  5 goblins
  3 hobgoblins
  4 jackals
  6 kobolds
  5 quokkas
  5 bats
  7 frilled lizards
  A hobgoblin zombie (D:6)
  3 kobold zombies (D:6)
  A quokka skeleton (D:4)
  A quokka zombie (D:7)
  5 rats
166 creatures vanquished.

Vanquished Creatures (others)
  A fungus (D:5)
  3 lurking horrors (D:8)
  6 plants (D:7)
10 creatures vanquished.

Grand Total: 176 creatures vanquished

Notes
Turn   | Place    | Note
-------+----------+-------------------------------------------
     0 | D:1      | pkoi the Minotaur Fighter began the quest for the Orb.
     0 | D:1      | Reached XP level 1. HP: 19/19 MP: 0/0
   590 | D:1      | Reached XP level 2. HP: 26/27 MP: 1/1
  1196 | D:2      | Reached XP level 3. HP: 33/33 MP: 2/2
  1277 | D:2      | Noticed Sigmund
  1496 | D:2      | Noticed Natasha
  1500 | D:2      | Killed Natasha
  1501 | D:2      | Reached skill level 4 in Fighting
  1501 | D:2      | Reached skill level 1 in Throwing
  1501 | D:2      | Reached skill level 1 in Dodging
  1780 | D:2      | Noticed Natasha
  1788 | D:2      | Killed Natasha
  1789 | D:2      | Reached XP level 4. HP: 40/40 MP: 3/3
  1928 | D:3      | You fall into a shaft and drop 3 floors!
  1940 | D:6      | Noticed a sky beast
  1952 | D:6      | Killed a sky beast
  1953 | D:6      | Reached XP level 5. HP: 39/47 MP: 4/4
  2015 | D:6      | Found a sparkling altar of Nemelex Xobeh.
  2023 | D:6      | Became a worshipper of Nemelex Xobeh the Trickster
  2028 | D:6      | Noticed Menkaure
  2037 | D:6      | Killed Menkaure
  2038 | D:6      | Reached skill level 1 in Invocations
  2038 | D:6      | Reached XP level 6. HP: 13/55 MP: 5/5
  2316 | D:6      | Found Dochirus's Desiderata Depot.
  2364 | D:6      | Noticed an orc warrior
  2399 | D:5      | Entered Level 5 of the Dungeon
  2431 | D:4      | Reached skill level 5 in Fighting
  2431 | D:4      | Reached skill level 5 in Armour
  2786 | D:4      | Reached XP level 7. HP: 59/61 MP: 7/7
  2813 | D:4      | Found a staircase to the Ecumenical Temple.
  2909 | D:4      | Reached * piety under Nemelex Xobeh
  3213 | D:4      | Reached skill level 5 in Maces & Flails
  4006 | D:3      | Received a gift from Nemelex Xobeh
  4521 | D:2      | Killed Sigmund
  4617 | D:2      | Noticed Natasha
  4622 | D:2      | Killed Natasha
  4683 | D:5      | Reached XP level 8. HP: 70/70 MP: 9/9
  4766 | D:5      | Reached skill level 6 in Fighting
  5013 | D:5      | Reached ** piety under Nemelex Xobeh
  5041 | D:5      | Found a shimmering blue altar of Sif Muna.
  5074 | D:5      | Noticed Blork the orc
  5086 | D:5      | Killed Blork the orc
  5250 | D:5      | Found a runed translucent door.
  5251 | D:5      | Noticed Crazy Yiuf
  5265 | D:5      | Killed Crazy Yiuf
  5457 | D:6      | Found Geif's Antique Armour Shoppe.
  6130 | D:7      | Reached skill level 5 in Dodging
  6542 | D:7      | Reached skill level 7 in Fighting
  6580 | D:7      | Reached XP level 9. HP: 71/79 MP: 11/11
  7325 | D:7      | Received a gift from Nemelex Xobeh
  8007 | D:7      | Reached skill level 5 in Invocations
  8268 | D:8      | Reached *** piety under Nemelex Xobeh
  8454 | D:8      | Found a corrupted altar of Lugonu.
  8455 | D:8      | Found a one-way gate to the infinite horrors of the Abyss.
  8774 | D:8      | Reached skill level 8 in Fighting
  8817 | D:8      | Found Eprucw's Armour Emporium.
  8980 | D:8      | Noticed a five-headed hydra
  8994 | D:8      | Slain by a five-headed hydra

Illustrated notes

Levels and vault maps discovered:
D:1:      dpeg_arrival_simpleton_b, layout_rooms, serial_co_window_serial,
          co_window_paths_a, co_window_paths_b, co_window_corner_a,
          co_window_paths_b, co_window_corner_a, co_window_2corner,
          co_window_2corner, co_window_unsneaky_path_d,
          co_window_unsneaky_path_a, co_window_unsneaky_path_b,
          co_window_corner_b, co_window_of_opportunity_c, co_window_4corner_b,
          glass_columns_a, glass_columns_c
D:2:      layout_basic, minivault_23, corexii_hall_statues_i, uniq_natasha,
          uniq_sigmund
D:3:      layout_loops_cross, chequers_serial_rivers_large_a, st_stairs_1,
          kennysheep_decorative_pillar
D:4:      layout_loops_corners, minmay_temple_entry_offerings
D:5:      layout_rooms, serial_glass, glass_columns_b, glass_columns_b,
          glass_columns_c, glass_columns_a, glass_columns_b, glass_columns_a,
          lemuel_blue_sif_altar, uniq_crazy_yiuf_cottage, uniq_blork_the_orc
D:6:      layout_cave_pools, basic_altar, serial_shops, shop,
          nicolae_alphabet_shops, roderic_roman_lattice, corexii_corridor_pit,
          minmay_mini_ossuary, uniq_menkaure
D:7:      kennysheep_six_static_rooms, layout_loops_cross, serial_bayou,
          serial_bayou_pond_e, serial_bayou_pond_e, serial_bayou_shore_b,
          serial_bayou_lagoon_a
D:8:      layout_rooms, serial_shops, shop_coins,
          amcnicky_altar_lugonu_corruption

Skill      XL: |  1  2  3  4  5  6  7  8  9 |
---------------+----------------------------+-----
Maces & Flails | 3 4 5 6 7 |  7.8
Fighting       | 4 5 7 8 |  8.0
Throwing       | 1 2 3 |  3.1
Armour         | 4 5 7 |  7.9
Dodging        | 1 2 3 4 5 6 |  6.3
Invocations    | 1 2 4 5 |  5.3
Shields        | |  3.6

Action                   |  1- 3 |  4- 6 |  7- 9 || total
-------------------------+-------+-------+-------++-------
Melee: Flail             |    71 |    73 |   225 ||   369
       Headbutt          |    11 |    14 |    88 ||   113
       Whip              |       |       |   188 ||   188
Invok: Draw Destruction  |       |       |     8 ||     8
       Draw Escape       |       |       |     2 ||     2
  Use: Scroll            |       |     2 |     9 ||    11
       Potion            |       |       |     8 ||     8
 Stab: Invisible         |       |       |     1 ||     1
Armor: Scale mail        |     9 |       |       ||     9
       Chain mail        |    14 |    29 |   188 ||   231
Dodge: Dodged            |    15 |    14 |    91 ||   120
Block: Kite shield       |    31 |    30 |   201 ||   262
